 Dungeon Crawl Stone Soup version 0.23.1 (webtiles) character file.

Game seed: 2766784217844367910

39 Norn the Vandal (level 3, -5/24 HPs)
             Began as a Halfling Hunter on Mar 16, 2019.
             Killed from afar by an orc wizard (8 damage)
             ... with a magic dart
             ... on level 2 of the Dungeon.
             The game lasted 00:02:33 (916 turns).

Norn the Vandal (Halfling Hunter)                    Turns: 916, Time: 00:02:34

Health: -5/24      AC:  3    Str: 13    XL:     3   Next: 70%
Magic:  3/3        EV: 15    Int: 10    God:
Gold:   39         SH:  0    Dex: 14    Spells: 2/2 levels left

rFire    . . .     SeeInvis .   b - +0 short sword
rCold    . . .     Gourm    .   (shield restricted)
rNeg     . . .     Faith    .   c - +0 leather armour
rPois    .         Spirit   .   (no helmet)
rElec    .         Reflect  .   (no cloak)
rCorr    .         Harm     .   (no gloves)
MR       .....                  (no boots)
Stlth    +.........             (no amulet)
HPRegen  0.08/turn              (no ring)
MPRegen  0.08/turn              (no ring)

@: no status effects
A: small, mutation resistance 1
a: no special abilities


You were on level 2 of the Dungeon.
You were not hungry.

You visited 1 branch of the dungeon, and saw 2 of its levels.

You collected 39 gold pieces.

Inventory:

Hand Weapons
 a - a +1 hunting sling
 b - a +0 short sword (weapon)
Missiles
 d - 14 sling bullets
Armour
 c - a +0 leather armour (worn)
Jewellery
 h - a cursed ring of attention {unknown}
   (You found it on level 1 of the Dungeon)
Scrolls
 f - a scroll of identify {unknown}
 j - a scroll of immolation {unknown}
 m - a scroll of teleportation {unknown}
 n - a scroll of amnesia {unknown}
Potions
 i - 2 potions of curing {unknown}
 k - a potion of agility {unknown}
 o - a potion of might {unknown}
Comestibles
 e - 2 rations {!d}
 g - a chunk of flesh


   Skills:
 + Level 2.2 Fighting
 * Level 6.7 Slings
 + Level 2.7 Dodging
 - Level 1.1 Stealth


You had 2 spell levels left.
You didn't know any spells.
Your spell library was empty.

Dungeon Overview and Level Annotations

Branches:
Dungeon (2/15)

Altars:


Innate Abilities, Weirdness & Mutations

You are small and have problems with some larger weapons.
You are somewhat resistant to further mutation.


Message History

No target in view!
b - a +0 short sword (weapon)
You barely miss something.
You hear some strange, mumbled words.
You are confused.
An orc wizard comes into view. It is wielding a +0 dagger.
You miss something. The orc wizard casts a spell at you.
The puff of frost hits something.
Something hits you.
You hear a shout!
You completely miss something.
An orc comes into view. It is wielding a +0 club.
Something hits you but does no damage.
The orc wizard gestures at you while chanting.
The puff of flame hits something!
You hear some strange, mumbled words.
A puff of flame appears from out of thin air!
The puff of flame misses you.
An orc comes into view. It is wielding a +0 hand axe.
The orc wizard points at you and mumbles some strange words.
The puff of frost hits something.
You feel less confused.
You hear some strange, mumbled words.
Something tries to affect you, but you resist.
A magic dart appears from out of thin air!
The magic dart hits you.
You hear some strange, mumbled words.
You are confused.
The orc wizard gestures at you while chanting.
The puff of frost hits you.
* * * LOW HITPOINT WARNING * * *
You bump into the rock wall.
Unknown command.
You bump into the rock wall.
Something hits you.
* * * LOW HITPOINT WARNING * * *
You barely miss the orc. Something hits you.
* * * LOW HITPOINT WARNING * * *
The orc hits you with a +0 hand axe.
* * * LOW HITPOINT WARNING * * *
You feel less confused. Something hits you.
* * * LOW HITPOINT WARNING * * *
The orc misses you.
You hear some strange, mumbled words.
A magic dart appears from out of thin air!
The magic dart hits you!
You die...

#.# #.#.#............
#.# #.#.#........####
#.####.#.#........#
#........#........#
#....#.#.#(######.#
#.##.#.....### #.#
#.##.#oo#....####.
#.##.#{...........
#.##.@o.#....###. #
##.#######....###...#
#.............((...(#
##########...(##.#..#
#....# # #....#
#....# ######


You could see an orc wizard and 2 orcs.

Vanquished Creatures
  An adder (D:2)
  An ooze (D:1)
  A dart slug (D:1)
  An orc (D:2)
  3 hobgoblins
  3 bats (D:1)
  4 frilled lizards (D:1)
  6 kobolds (D:1)
  5 rats (D:1)
25 creatures vanquished.

Notes
Turn   | Place    | Note
-------+----------+-------------------------------------------
     0 | D:1      | Norn the Halfling Hunter began the quest for the Orb.
     0 | D:1      | Reached XP level 1. HP: 14/14 MP: 1/1
   104 | D:1      | Reached skill level 6 in Slings
   188 | D:1      | Reached XP level 2. HP: 19/19 MP: 2/2
   547 | D:1      | Reached XP level 3. HP: 24/24 MP: 3/3
   916 | D:2      | Killed from afar by an orc wizard

Skill      XL: |  1  2 |
---------------+-------+-----
Slings         | 6 |  6.7
Fighting       | 2 |  2.2
Dodging        | |  2.7
Stealth        | |  1.1

Action                   || total
-------------------------++-------
Melee: Short sword       ||     4
 Fire: Hunting sling     ||    58
Armor: Leather armour    ||     2
Dodge: Dodged            ||     6
